| TOP OF THE 1ST |
|
Great Lakes Loons batting - Pitching for Lakewood BlueClaws : LHP Scott Hopkins
|
|
Pitching: LHP Scott Hopkins
|
|
|
Batting: RHB Ken Jenkins
|
0-0: Ball 1-0: Called Strike 1-1: Called Strike 1-2: Fly out, F8 (Line Drive, 8RD, EV 93.8 MPH)
|
|
Batting: RHB Alex Mejia
|
0-0: Ball 1-0: Foul Ball, location: 2F 1-1: Foul Ball, location: 2F 1-2: Strikes out swinging
|
|
Batting: LHB Antonio Luis
|
0-0: Ball 1-0: SINGLE (Groundball, P, EV 86.3 MPH) (infield hit)
|
|
Batting: RHB Mike Sims
|
0-0: Called Strike 0-1: Foul Ball, location: 2F 0-2: Ball 1-2: Ball 2-2: Foul Ball, location: 2F 2-2: Ball 3-2: 2-RUN HOME RUN (Flyball, 7D, EV 93.8 MPH), Distance : 343 ft
|
|
Batting: LHB Jim Chalk
|
0-0: SINGLE (Groundball, 34D, EV 106.9 MPH)
|
|
Batting: LHB Alberto Chavez
|
0-0: Ball 1-0: Ground out 4-3 (Groundball, 34D, EV 76.9 MPH)
|
| Top of the 1st over - 2 runs, 3 hits, 0 errors, 1 left on base; Great Lakes 2 - Lakewood 0 |
| BOTTOM OF THE 1ST |
|
Lakewood BlueClaws batting - Pitching for Great Lakes Loons : RHP Servaas Morrow
|
|
Pitching: RHP Servaas Morrow
|
|
|
Batting: RHB Alberto Ramirez
|
0-0: Fly out, F9 (Line Drive, 9D, EV 101.3 MPH)
|
|
Batting: RHB Steve Jones
|
0-0: Fly out, F7 (Flyball, 78S, EV 85.0 MPH)
|
|
Batting: SHB Bob Dixon
|
0-0: Swinging Strike 0-1: Ball 1-1: Ball 2-1: Ground out 4-3 (Groundball, 34, EV 102.5 MPH)
|
| Bottom of the 1st over - 0 runs, 0 hits, 0 errors, 0 left on base; Great Lakes 2 - Lakewood 0 |
| TOP OF THE 2ND |
|
Great Lakes Loons batting - Pitching for Lakewood BlueClaws : LHP Scott Hopkins
|
|
Batting: RHB Phil Knox
|
0-0: Called Strike 0-1: Ball 1-1: Ball 2-1: DOUBLE (Line Drive, 8RXD, EV 97.5 MPH)
|
|
Batting: RHB Sean Tanner
|
0-0: Ground out 4-3 (Groundball, 34, EV 85.6 MPH) Phil Knox to third
|
|
Batting: RHB Santos Guadalupe
|
0-0: Called Strike 0-1: Foul Ball, location: 2F 0-2: Ball 1-2: Ground out U3 (Groundball, 34, EV 103.1 MPH) Phil Knox scores
|
|
Batting: RHB Ken Jenkins
|
0-0: Swinging Strike 0-1: Foul Ball, location: 2F 0-2: Ball 1-2: Foul Ball, location: 2F 1-2: Foul Ball, location: 2F 1-2: Strikes out swinging
|
| Top of the 2nd over - 1 run, 1 hit, 0 errors, 0 left on base; Great Lakes 3 - Lakewood 0 |
| BOTTOM OF THE 2ND |
|
Lakewood BlueClaws batting - Pitching for Great Lakes Loons : RHP Servaas Morrow
|
|
Batting: RHB Danny Krug
|
0-0: Called Strike 0-1: Fly out, F8 (Flyball, 89D, EV 105.0 MPH)
|
|
Batting: RHB Victor Arroyo
|
0-0: Called Strike 0-1: Swinging Strike 0-2: Ball 1-2: Strikes out swinging
|
|
Batting: RHB Roberto Ruiz
|
0-0: Ball 1-0: Foul Ball, location: 2F 1-1: Foul Ball, location: 2F 1-2: Ball 2-2: Strikes out swinging
|
| Bottom of the 2nd over - 0 runs, 0 hits, 0 errors, 0 left on base; Great Lakes 3 - Lakewood 0 |
| TOP OF THE 3RD |
|
Great Lakes Loons batting - Pitching for Lakewood BlueClaws : LHP Scott Hopkins
|
|
Batting: RHB Alex Mejia
|
0-0: Ball 1-0: Fly out, F8 (Flyball, 8LD, EV 93.1 MPH)
|
|
Batting: LHB Antonio Luis
|
0-0: Called Strike 0-1: Ball 1-1: Swinging Strike 1-2: Strikes out swinging
|
|
Batting: RHB Mike Sims
|
0-0: Foul Ball, location: 2F 0-1: Swinging Strike 0-2: Ball 1-2: Fly out, F4 (Popup, 23, EV 89.4 MPH)
|
| Top of the 3rd over - 0 runs, 0 hits, 0 errors, 0 left on base; Great Lakes 3 - Lakewood 0 |
| BOTTOM OF THE 3RD |
|
Lakewood BlueClaws batting - Pitching for Great Lakes Loons : RHP Servaas Morrow
|
|
Batting: SHB Mike Rueth
|
0-0: Ball 1-0: Fly out, F9 (Flyball, 9D, EV 101.9 MPH)
|
|
Batting: RHB Kyle Morse
|
0-0: Called Strike 0-1: Ground out 6-3 (Groundball, 6, EV 92.5 MPH)
|
|
Batting: LHB Troy Hodge
|
0-0: Called Strike 0-1: Foul Ball, location: 2F 0-2: Ball 1-2: Ball 2-2: Ground out 6-3 (Groundball, 6, EV 103.1 MPH)
|
| Bottom of the 3rd over - 0 runs, 0 hits, 0 errors, 0 left on base; Great Lakes 3 - Lakewood 0 |
| TOP OF THE 4TH |
|
Great Lakes Loons batting - Pitching for Lakewood BlueClaws : LHP Scott Hopkins
|
|
Batting: LHB Jim Chalk
|
0-0: Ball 1-0: Called Strike 1-1: Fly out, F6 (Popup, 6M, EV 78.8 MPH)
|
|
Batting: LHB Alberto Chavez
|
0-0: Ball 1-0: DOUBLE (Line Drive, 9LS, EV 96.9 MPH)
|
|
Batting: RHB Phil Knox
|
0-0: Ball 1-0: Foul Ball, location: 2F 1-1: Ball Wild Pitch! Alberto Chavez to third 2-1: Ground out 3-1 (Groundball, 34, EV 89.4 MPH) Alberto Chavez scores
|
|
Batting: RHB Sean Tanner
|
0-0: Ball 1-0: Foul Ball, location: 2F 1-1: Ball 2-1: Swinging Strike 2-2: Ball 3-2: Strikes out swinging
|
| Top of the 4th over - 1 run, 1 hit, 0 errors, 0 left on base; Great Lakes 4 - Lakewood 0 |
| BOTTOM OF THE 4TH |
|
Lakewood BlueClaws batting - Pitching for Great Lakes Loons : RHP Servaas Morrow
|
|
Batting: RHB Alberto Ramirez
|
0-0: SINGLE (Flyball, 3D, EV 96.9 MPH)
|
|
Batting: RHB Steve Jones
|
0-0: Ball Alberto Ramirez steals 2nd base (no throw) 1-0: SINGLE (Line Drive, 9S, EV 92.5 MPH) Alberto Ramirez to third Runner from 3rd tries for Home, SAFE, throw by RF to home
|
|
Batting: SHB Bob Dixon
|
0-0: Fielders Choice at 2nd, 3-6 (Groundball, 34, EV 86.9 MPH)
|
|
Batting: RHB Danny Krug
|
0-0: Ball 1-0: Called Strike 1-1: Grounds into double play, 5-4-3 (Groundball, 56, EV 88.1 MPH)
|
| Bottom of the 4th over - 1 run, 2 hits, 0 errors, 0 left on base; Great Lakes 4 - Lakewood 1 |
| TOP OF THE 5TH |
|
Great Lakes Loons batting - Pitching for Lakewood BlueClaws : LHP Scott Hopkins
|
|
Batting: RHB Santos Guadalupe
|
0-0: Swinging Strike 0-1: Ball 1-1: Ball 2-1: Swinging Strike 2-2: Foul Ball, location: 2F 2-2: Ball 3-2: Base on Balls
|
|
Batting: RHB Ken Jenkins
|
0-0: Called Strike 0-1: Swinging Strike 0-2: Foul Ball, location: 2F 0-2: DOUBLE (Line Drive, 3D, EV 94.4 MPH) Santos Guadalupe to third
|
|
Batting: RHB Alex Mejia
|
0-0: Called Strike 0-1: Ball 1-1: Ground out 5-3 (Groundball, 56S, EV 79.4 MPH) Santos Guadalupe scores
|
|
Batting: LHB Antonio Luis
|
0-0: Ball 1-0: Called Strike 1-1: Ground out 1-3 (Groundball, P, EV 66.9 MPH) Ken Jenkins to third
|
|
Batting: RHB Mike Sims
|
0-0: Called Strike 0-1: Foul Ball, location: 2F 0-2: Fly out, F3 (Flyball, 3D, EV 84.4 MPH)
|
| Top of the 5th over - 1 run, 1 hit, 0 errors, 1 left on base; Great Lakes 5 - Lakewood 1 |
| BOTTOM OF THE 5TH |
|
Lakewood BlueClaws batting - Pitching for Great Lakes Loons : RHP Servaas Morrow
|
|
Batting: RHB Victor Arroyo
|
0-0: Called Strike 0-1: Foul Ball, location: 2F 0-2: Foul Ball, location: 2F 0-2: Foul Ball, location: 2F 0-2: Foul Ball, location: 2F 0-2: Strikes out swinging
|
|
Batting: RHB Roberto Ruiz
|
0-0: Ball 1-0: Ball 2-0: Ball 3-0: Base on Balls
|
|
Batting: SHB Mike Rueth
|
0-0: Fly out, F4 (Line Drive, 4, EV 65.6 MPH)
|
|
Batting: RHB Kyle Morse
|
0-0: Fielders Choice at 2nd, 6-4 (Groundball, 6, EV 85.6 MPH)
|
| Bottom of the 5th over - 0 runs, 0 hits, 0 errors, 1 left on base; Great Lakes 5 - Lakewood 1 |
| TOP OF THE 6TH |
|
Great Lakes Loons batting - Pitching for Lakewood BlueClaws : LHP Scott Hopkins
|
|
Pitching: RHP Derek Ziolkowski
|
|
|
Batting: LHB Jim Chalk
|
0-0: Called Strike 0-1: Ball 1-1: DOUBLE (Line Drive, 78D, EV 111.9 MPH)
|
|
Batting: LHB Alberto Chavez
|
0-0: Foul Ball, location: 2F 0-1: Foul Ball, location: 2F 0-2: Ball 1-2: Strikes out swinging
|
|
Batting: RHB Phil Knox
|
0-0: Called Strike 0-1: Foul Ball, location: 2F 0-2: Ball 1-2: Ball 2-2: Foul Ball, location: 2F 2-2: Strikes out swinging
|
|
Batting: RHB Sean Tanner
|
0-0: Called Strike 0-1: Called Strike 0-2: Fly out, F8 (Flyball, 89M, EV 86.3 MPH)
|
| Top of the 6th over - 0 runs, 1 hit, 0 errors, 1 left on base; Great Lakes 5 - Lakewood 1 |
| BOTTOM OF THE 6TH |
|
Lakewood BlueClaws batting - Pitching for Great Lakes Loons : RHP Servaas Morrow
|
|
Batting: LHB Troy Hodge
|
0-0: Ball 1-0: Swinging Strike 1-1: Fly out, F8 (Flyball, 8RXD, EV 109.4 MPH)
|
|
Batting: RHB Alberto Ramirez
|
0-0: Called Strike 0-1: Ball 1-1: Fly out, F2 (Popup, 2RF, EV 96.9 MPH)
|
|
Batting: RHB Steve Jones
|
0-0: Ball 1-0: Ball 2-0: Called Strike 2-1: Ball 3-1: Foul Ball, location: 2F 3-2: Ground out 6-3 (Groundball, 6, EV 110.6 MPH)
|
| Bottom of the 6th over - 0 runs, 0 hits, 0 errors, 0 left on base; Great Lakes 5 - Lakewood 1 |
| TOP OF THE 7TH |
|
Great Lakes Loons batting - Pitching for Lakewood BlueClaws : RHP Derek Ziolkowski
|
|
Pitching: RHP Dustin Hensley
|
|
|
Batting: RHB Santos Guadalupe
|
0-0: Ball 1-0: DOUBLE (Line Drive, 9LS, EV 107.5 MPH)
|
|
Batting: RHB Ken Jenkins
|
0-0: Ground out 6-3 (Groundball, 56, EV 104.4 MPH)
|
|
Batting: RHB Alex Mejia
|
0-0: Ball 1-0: Fly out, F8 (Flyball, 8RD, EV 83.8 MPH)
|
|
Batting: LHB Antonio Luis
|
0-0: Foul Ball, location: 2F 0-1: Ground out 4-3 (Groundball, 4, EV 103.8 MPH)
|
| Top of the 7th over - 0 runs, 1 hit, 0 errors, 1 left on base; Great Lakes 5 - Lakewood 1 |
| BOTTOM OF THE 7TH |
|
Lakewood BlueClaws batting - Pitching for Great Lakes Loons : RHP Servaas Morrow
|
|
Batting: SHB Bob Dixon
|
0-0: Foul Ball, location: 2F 0-1: Foul Ball, location: 2F 0-2: Ball 1-2: DOUBLE (Flyball, 78D, EV 101.9 MPH)
|
|
Batting: RHB Danny Krug
|
0-0: Called Strike 0-1: Called Strike 0-2: Ball 1-2: Ball 2-2: Fly out, F7 (Flyball, 7LM, EV 108.1 MPH)
|
|
Batting: RHB Victor Arroyo
|
0-0: Foul Ball, location: 2F 0-1: Foul Ball, location: 2F 0-2: Fly out, F7 (Flyball, 78XD, EV 90.6 MPH) Runner from 2nd tags up, SAFE at 3rd, no throw by LF
|
|
Batting: RHB Roberto Ruiz
|
0-0: Ball 1-0: Foul Ball, location: 2F 1-1: Foul Ball, location: 2F 1-2: Fly out, F9 (Flyball, 9D, EV 84.4 MPH)
|
| Bottom of the 7th over - 0 runs, 1 hit, 0 errors, 1 left on base; Great Lakes 5 - Lakewood 1 |
| TOP OF THE 8TH |
|
Great Lakes Loons batting - Pitching for Lakewood BlueClaws : RHP Dustin Hensley
|
|
Batting: RHB Mike Sims
|
0-0: Foul Ball, location: 2F 0-1: Ball 1-1: Ground out 5-3 (Groundball, 56, EV 97.5 MPH)
|
|
Batting: LHB Jim Chalk
|
0-0: Ball 1-0: Ball 2-0: Called Strike 2-1: Swinging Strike 2-2: Ground out 6-3 (Groundball, 6, EV 110.6 MPH)
|
|
Batting: LHB Alberto Chavez
|
0-0: Ball 1-0: Swinging Strike 1-1: Foul Ball, location: 2F 1-2: Ball 2-2: Ball 3-2: Foul Ball, location: 2F 3-2: Foul Ball, location: 2F 3-2: SINGLE (Flyball, 8LS, EV 95.0 MPH)
|
|
Batting: RHB Phil Knox
|
0-0: Foul Ball, location: 2F 0-1: Swinging Strike 0-2: Ball 1-2: Ball 2-2: Ball Wild Pitch! Alberto Chavez to second 3-2: Foul Ball, location: 2F 3-2: Base on Balls
|
|
Pitching: RHP Ronnie DeAngelo
|
|
|
Batting: RHB Sean Tanner
|
0-0: Ball 1-0: Foul Ball, location: 2F 1-1: Foul Ball, location: 2F 1-2: Fly out, F8 (Flyball, 89XD, EV 101.9 MPH)
|
| Top of the 8th over - 0 runs, 1 hit, 0 errors, 2 left on base; Great Lakes 5 - Lakewood 1 |
| BOTTOM OF THE 8TH |
|
Lakewood BlueClaws batting - Pitching for Great Lakes Loons : RHP Servaas Morrow
|
|
Batting: SHB Mike Rueth
|
0-0: Fly out, F7 (Flyball, 7S, EV 87.5 MPH)
|
|
Batting: RHB Kyle Morse
|
0-0: Called Strike 0-1: Ball 1-1: Ball 2-1: TRIPLE (Flyball, 89XD, EV 109.4 MPH)
|
|
Batting: LHB Troy Hodge
|
0-0: Swinging Strike 0-1: Swinging Strike 0-2: Strikes out swinging
|
|
Batting: RHB Alberto Ramirez
|
0-0: Foul Ball, location: 2F 0-1: Ball 1-1: Fly out, F8 (Flyball, 8RD, EV 91.9 MPH)
|
| Bottom of the 8th over - 0 runs, 1 hit, 0 errors, 1 left on base; Great Lakes 5 - Lakewood 1 |
| TOP OF THE 9TH |
|
Great Lakes Loons batting - Pitching for Lakewood BlueClaws : RHP Ronnie DeAngelo
|
|
Pitching: RHP Omar Pineda
|
|
|
Batting: RHB Santos Guadalupe
|
0-0: SINGLE (Groundball, 4S, EV 75.0 MPH) (infield hit)
|
|
Batting: RHB Ken Jenkins
|
0-0: Foul Ball, location: 2F 0-1: Ball 1-1: Called Strike 1-2: Ball 2-2: Reached on error, E6 (Groundball, 56, EV 101.9 MPH) Santos Guadalupe to second
|
|
Batting: RHB Alex Mejia
|
0-0: Ball 1-0: Called Strike 1-1: Called Strike 1-2: Strikes out swinging
|
|
Batting: LHB Antonio Luis
|
0-0: DOUBLE (Line Drive, 3D, EV 97.5 MPH) Santos Guadalupe scores Ken Jenkins to third
|
|
Batting: RHB Mike Sims
|
0-0: Called Strike 0-1: Ground out U3 (Groundball, 34, EV 103.8 MPH) Ken Jenkins scores Antonio Luis to third
|
|
Batting: LHB Jim Chalk
|
0-0: Ball 1-0: Ball 2-0: Ball 3-0: Called Strike 3-1: Ground out U3 (Groundball, 34S, EV 90.6 MPH)
|
| Top of the 9th over - 2 runs, 2 hits, 1 error, 1 left on base; Great Lakes 7 - Lakewood 1 |
| BOTTOM OF THE 9TH |
|
Lakewood BlueClaws batting - Pitching for Great Lakes Loons : RHP Servaas Morrow
|
|
Batting: RHB Steve Jones
|
0-0: Swinging Strike 0-1: Ball 1-1: Ball 2-1: Called Strike 2-2: Ball 3-2: Ground out 4-3 (Groundball, 4, EV 100.6 MPH)
|
|
Batting: SHB Bob Dixon
|
0-0: SINGLE (Groundball, 6MD, EV 94.4 MPH)
|
|
Batting: RHB Danny Krug
|
0-0: Ball Wild Pitch! Bob Dixon to second 1-0: Ball 2-0: Ball 3-0: Base on Balls
|
|
Batting: RHB Victor Arroyo
|
0-0: Ball 1-0: Called Strike 1-1: Foul Ball, location: 2F 1-2: Foul Ball, location: 2F 1-2: Ball 2-2: Strikes out swinging
|
|
Batting: RHB Roberto Ruiz
|
0-0: Ground out 1-3 (Groundball, 15S, EV 66.9 MPH)
|
| Bottom of the 9th over - 0 runs, 1 hit, 0 errors, 2 left on base; Great Lakes 7 - Lakewood 1 |
|